Map: Nightscape LE

Players

Kaktus

  • Race: Protoss Protoss
  • League: Silver
  • Spawn Location: 1:00

Maćko

  • Race: Terran Terran
  • League: Platinum
  • Spawn Location: 1:00

Massa - Winner!

  • Race: Terran Terran
  • League: Platinum
  • Spawn Location: 7:00

qqq - Winner!

  • Race: Zerg Zerg
  • Spawn Location: 7:00

VOD

Have the link to the VOD?

Description

Time

  • Played on: Nov. 9, 2020, 3:28 p.m.
  • Length: 18:49
Show
View Real Time Build Order
Export as new Build Order

Kaktus Protoss 

Build Orders:  

Get SALT Encoding   

  12  0:00  Probe (Chrono Boost)  
  13  0:14  Probe (Chrono Boost)  
  14  0:19  Pylon  
  14  0:22  Probe  
  15  0:37  Probe  
  16  0:47  Gateway  
  17  0:50  Probe  
  17  0:55  Assimilator  
  17  1:02  Probe  
  18  1:14  Probe  
  19  1:33  Assimilator  
  19  1:34  Probe (Chrono Boost)  
  20  1:44  Probe (Chrono Boost)  
  20  1:45  Cybernetics Core  
  21  1:47  Pylon  
  21  1:57  Probe  
  22  2:09  Probe  
  22  2:10  Pylon  
  23  2:21  Probe  
  24  2:24  Stalker  
  26  2:33  Probe  
  26  2:36  Stargate  
  27  2:45  Probe  
  28  2:58  Protoss Air Weapons Level 1  
  28  3:02  Nexus  
  28  3:06  Assimilator  
  28  3:09  Pylon  
  28  3:13  Probe, Assimilator  
  29  3:25  Probe (Chrono Boost)  
  31  3:34  Probe (Chrono Boost)  
  31  3:39  Probe  
  31  3:41  Cybernetics Core  
  31  3:46  Pylon  
  32  3:48  Void Ray  
  36  3:58  Stalker  
  38  4:13  Stargate  
  38  4:14  Stargate  
  37  4:19  Pylon  
  32  5:04  Pylon  
  29  5:07  Protoss Air Armor Level 1  
  29  5:13  Void Ray  
  19  5:28  Probe  
  19  5:40  Probe  
  20  5:52  Probe  
  21  6:04  Probe  
  22  6:16  Probe  
  23  6:28  Probe  
  20  6:40  Probe  
  21  6:48  Void Ray  
  19  7:03  Void Ray x2  
  27  7:20  Probe (Chrono Boost)  
  29  7:31  Probe (Chrono Boost)  
  29  7:35  Probe (Chrono Boost)  
  29  7:37  Void Ray  
  34  7:53  Void Ray  
  38  8:09  Void Ray  
  38  8:19  Probe (Chrono Boost)  
  43  8:35  Void Ray  
  47  9:06  Pylon  
  47  9:09  Pylon  
  47  9:10  Pylon  
  23  10:01  Void Ray x3  
  35  10:15  Shield Battery  
  35  10:17  Shield Battery  
  35  10:47  Void Ray x2  
  39  11:11  Forge  
  39  11:15  Pylon  
  39  11:22  Void Ray  
  43  11:51  Photon Cannon  
  43  11:53  Photon Cannon  
  43  12:05  Photon Cannon  
  43  12:54  Photon Cannon, Shield Battery  
  43  12:58  Pylon  
  43  13:05  Void Ray  
  47  13:56  Nexus  
  47  14:03  Assimilator  
  47  14:33  Probe  
  48  14:45  Probe  
  37  14:57  Probe  
  30  15:10  Probe  
  23  15:24  Probe (Chrono Boost)  
  23  15:25  Probe (Chrono Boost)  
  26  15:35  Probe (Chrono Boost)  
  26  15:40  Probe (Chrono Boost)  
  27  15:46  Assimilator  
  27  15:48  Pylon  
  27  15:51  Probe, Pylon  
  28  16:03  Probe  
  29  16:06  Fleet Beacon  
  29  16:10  Stargate  
  29  16:19  Probe (Chrono Boost)  
  30  16:28  Probe (Chrono Boost)  
  31  16:33  Probe, Shield Battery  
  31  16:38  Shield Battery  
  32  16:40  Photon Cannon  
  32  16:43  Photon Cannon  
  32  16:45  Probe  
  33  16:58  Probe  
  40  17:08  Carrier  
  40  17:20  Carrier  
  46  17:31  Carrier  
  52  17:45  Carrier  
  58  17:59  Stalker  
Show
View Real Time Build Order
Export as new Build Order

Maćko Terran 

Build Orders: Gas First Reaper Expand 

Get SALT Encoding   

  12  0:00  SCV  
  13  0:12  SCV  
  14  0:24  SCV  
  14  0:26  Supply Depot  
  15  0:34  Refinery  
  15  0:47  SCV  
  16  0:50  Barracks  
  16  0:59  SCV  
  17  1:11  SCV  
  18  1:24  SCV  
  19  1:37  Orbital Command  
  19  1:38  Reaper  
  20  1:42  Command Center  
  20  1:50  Supply Depot  
  20  2:02  SCV  
  21  2:10  Factory  
  21  2:14  SCV  
  22  2:23  Refinery  
  22  2:27  SCV  
  23  2:31  Barracks Reactor  
  23  2:39  SCV  
  24  2:51  SCV  
  25  2:55  Orbital Command  
  25  3:02  Factory Tech Lab  
  25  3:03  SCV  
  26  3:07  Marine x2  
  27  3:18  Starport  
  27  3:20  Engineering Bay  
  27  3:21  SCV x2  
  27  3:25  Marine x2  
  31  3:28  Refinery  
  31  3:33  SCV x2  
  33  3:43  Marine x2  
  28  4:15  Siege Tank  
  29  4:35  Supply Depot  
  28  4:39  Supply Depot  
  26  4:54  Marine  
  27  5:12  Marine  
  17  5:30  Marine  
  18  5:38  Siege Tank  
  21  5:43  Starport Reactor  
  21  5:46  SCV  
  21  5:48  Marine  
  23  5:52  SCV  
  24  5:58  SCV  
  24  6:02  Terran Infantry Weapons Level 1  
  24  6:03  Barracks  
  25  6:05  SCV, Barracks, Marine  
  25  6:08  Barracks  
  25  6:10  SCV, Siege Tank  
  31  6:17  SCV  
  32  6:22  SCV  
  33  6:26  Medivac x2  
  33  6:29  SCV  
  38  6:42  Siege Tank  
  38  6:46  Orbital Command  
  41  6:58  Barracks  
  41  7:05  Barracks Reactor x3  
  41  7:38  Barracks Reactor  
  40  7:44  Marine x2  
  40  7:45  Marine x5  
  40  7:49  Medivac  
  49  7:58  Orbital Command  
  49  8:02  Marine x2  
  49  8:03  Marine  
  52  8:09  Marine x2  
  54  8:35  SCV x2, Marine x5  
  61  8:47  SCV x2  
  63  8:52  Marine x4  
  63  8:53  Marine x3  
  70  9:00  SCV x2  
  72  9:12  SCV x2, Supply Depot  
  72  9:15  Supply Depot  
  74  9:21  Marine  
  74  9:22  Marine x3  
  78  9:33  Marine x2  
  78  9:34  SCV x2  
  82  9:39  Supply Depot  
  82  9:41  Barracks Tech Lab  
  82  9:43  Liberator x2  
  88  9:55  Refinery, SCV x2  
  90  10:02  Supply Depot  
  90  10:07  SCV  
  90  10:08  Siege Tank  
  90  10:09  Marine  
  95  10:25  Supply Depot  
  95  10:26  Liberator x2  
  101  10:36  Stimpack  
  101  10:37  Marine  
  101  10:38  Marine x6  
  108  10:45  Command Center  
  108  10:46  Siege Tank  
  111  11:09  Liberator x2  
  116  11:36  Marine  
  116  11:37  Marine  
  118  11:40  Command Center  
  118  11:44  Marine x6  
  124  11:47  Terran Infantry Armor Level 1, Supply Depot  
  124  11:54  Marine x2  
  126  12:02  Marine  
  126  12:05  SCV x2  
  126  12:08  Marine x5  
  130  12:10  Supply Depot  
  130  12:12  Marine x2  
  134  12:15  Combat Shield  
  134  12:17  SCV x2  
  134  12:20  Marine  
  133  12:25  Marine  
  133  12:26  Marine x4  
  138  12:33  Supply Depot  
  138  12:37  SCV x2  
  138  12:43  Missile Turret  
  140  12:48  Missile Turret  
  140  12:49  SCV  
  140  12:50  SCV  
  140  12:51  Missile Turret  
  142  13:01  SCV  
  142  13:02  SCV  
  142  13:04  Missile Turret  
  142  13:05  Armory  
  144  13:06  Marine x2  
  144  13:07  Marine  
  147  13:13  Refinery  
  147  13:14  SCV  
  147  13:18  SCV  
  149  13:20  SCV  
  149  13:26  SCV  
  151  13:30  SCV  
  151  13:33  SCV  
  153  13:36  Marine x2  
  153  13:37  Marine x6  
  153  13:38  SCV, Marine  
  163  13:42  SCV  
  163  13:46  Concussive Shells  
  164  13:51  Terran Infantry Weapons Level 2  
  164  13:54  Marine x3  
  167  13:58  Liberator x2  
  173  14:11  SCV  
  173  14:12  SCV x2  
  176  14:24  SCV  
  177  14:27  Command Center  
  177  14:40  Liberator  
  174  14:55  Marine x7  
  174  14:56  Marine  
  182  15:04  SCV x2  
  182  15:05  SCV  
  185  15:13  Marine x4  
  189  15:15  Terran Vehicle Weapons Level 1, Supply Depot  
  189  15:16  Supply Depot x2  
  189  15:36  Marine x8  
  189  15:40  Medivac  
  199  15:46  Planetary Fortress  
  199  15:54  Marine  
  200  15:57  Command Center  
  200  15:59  Command Center  
  200  16:01  Command Center  
  195  16:26  Marine  
  195  16:27  Marine x4  
  199  16:54  Thor  
  56  17:16  Marine  
  56  17:17  Marine x7  
  44  17:34  Marine x7  
  44  17:35  Marine  
  44  17:36  Medivac x2  
  45  17:45  Marine  
  46  17:52  Marine x8  
  54  18:03  Marine  
  47  18:06  Medivac x2  
  47  18:09  Marine  
  47  18:10  Marine x7  
  44  18:20  Marine  
  38  18:27  Marine  
  38  18:28  Marine x7  
Show
View Real Time Build Order
Export as new Build Order

Massa Terran - Winner!

Build Orders:  

Get SALT Encoding   

  12  0:00  SCV  
  13  0:12  SCV  
  14  0:22  Supply Depot  
  14  0:25  SCV  
  15  0:44  SCV  
  15  0:46  Barracks  
  16  0:52  Refinery  
  16  0:56  SCV  
  17  1:08  SCV  
  18  1:20  SCV  
  19  1:32  SCV  
  20  1:39  Reaper  
  21  1:45  Command Center  
  21  1:46  Orbital Command  
  21  2:11  Marine  
  22  2:18  Factory  
  22  2:19  Supply Depot  
  21  2:46  Barracks Reactor  
  21  2:48  SCV  
  22  2:53  Command Center  
  22  3:00  SCV  
  23  3:06  Engineering Bay  
  23  3:07  Refinery  
  23  3:12  Orbital Command  
  23  3:19  Factory Tech Lab  
  23  3:26  Supply Depot  
  23  3:30  Marine x2  
  25  4:08  Orbital Command  
  25  4:09  SCV x2  
  27  4:21  SCV x2  
  29  4:33  SCV x2  
  31  4:47  Missile Turret  
  31  4:51  Cyclone  
  31  4:52  Marine x2  
  35  4:53  Missile Turret x2  
  35  4:54  Missile Turret  
  35  4:58  Missile Turret  
  35  5:01  SCV x2  
  37  5:08  Missile Turret  
  37  5:10  Marine x2  
  37  5:11  Missile Turret  
  39  5:17  SCV x3  
  42  5:23  Cyclone  
  42  5:27  Marine x2  
  47  5:29  SCV  
  47  5:35  Mag-Field Accelerator  
  48  5:44  Missile Turret  
  48  5:45  Marine x2, Missile Turret  
  50  5:54  Starport  
  50  5:55  Cyclone, Barracks  
  53  5:59  Factory  
  53  6:01  Terran Infantry Weapons Level 1  
  53  6:07  Marine x2  
  55  6:12  SCV x3  
  55  6:14  Refinery  
  55  6:16  Refinery  
  58  6:24  SCV, Marine x2  
  61  6:42  Marine  
  62  7:03  Factory Tech Lab  
  62  7:04  Cyclone  
  62  7:06  Marine x2  
  67  7:12  Barracks Tech Lab  
  67  7:14  Medivac  
  69  7:19  Armory  
  69  7:33  Supply Depot  
  69  7:34  Supply Depot x4  
  69  7:36  Cyclone, Marine x2, Supply Depot  
  68  7:54  Marine, Medivac  
  68  7:55  SCV  
  68  7:56  SCV x2  
  74  8:08  SCV x3, Marine, Cyclone  
  74  8:09  Marauder  
  74  8:11  Marine, Stimpack  
  84  8:17  Orbital Command  
  84  8:20  SCV x2  
  84  8:26  Marine  
  87  8:29  Marine  
  87  8:30  Marauder  
  87  8:32  SCV x2  
  92  8:37  Starport Reactor  
  92  8:41  Cyclone x2  
  95  8:44  SCV x2  
  95  8:45  Missile Turret  
  95  8:46  Missile Turret  
  100  8:49  Missile Turret  
  100  8:51  Missile Turret  
  100  8:52  Barracks  
  100  8:56  SCV  
  101  9:04  Refinery, SCV x2, Barracks  
  101  9:07  Missile Turret  
  101  9:08  SCV, Missile Turret  
  104  9:12  Command Center  
  104  9:13  Missile Turret  
  104  9:14  Missile Turret  
  104  9:16  SCV x2  
  106  9:20  SCV  
  107  9:28  SCV  
  105  9:56  Siege Tank x2  
  105  9:58  Marauder, Marine x2  
  115  10:01  Barracks Reactor, Barracks Tech Lab  
  115  10:09  Combat Shield  
  115  10:15  Marine  
  115  10:16  Refinery  
  116  10:24  Marauder  
  116  10:25  Supply Depot  
  116  10:26  Supply Depot  
  116  10:27  Supply Depot  
  118  10:28  Supply Depot  
  118  10:41  SCV x3  
  121  10:46  Marauder  
  121  10:49  Supply Depot  
  123  10:50  Supply Depot x2  
  123  10:53  SCV x3  
  123  10:54  Supply Depot  
  126  11:05  SCV x2  
  126  11:06  SCV  
  126  11:09  Concussive Shells  
  126  11:11  Marauder x2, Marine x3, Supply Depot  
  133  11:12  Marine  
  133  11:14  Supply Depot  
  133  11:15  Siege Tank  
  133  11:16  Siege Tank  
  133  11:17  SCV  
  133  11:18  SCV, Medivac x2  
  149  11:29  Marine x4  
  149  11:32  Marauder x2  
  157  11:40  Missile Turret x2  
  157  11:42  Missile Turret  
  157  11:47  Marine, Missile Turret  
  157  11:48  Planetary Fortress, Medivac x2  
  157  11:51  SCV x3  
  157  11:53  Marauder x2  
  169  11:58  Command Center  
  169  12:00  Missile Turret  
  169  12:01  Missile Turret  
  169  12:03  SCV x3, Missile Turret  
  169  12:07  Missile Turret  
  172  12:17  Medivac  
  172  12:18  Medivac  
  158  12:47  Medivac  
  160  12:53  Starport x2  
  160  12:54  Starport  
  160  12:58  Starport  
  160  13:00  Starport  
  160  13:07  Refinery  
  160  13:09  Refinery  
  160  13:11  Viking  
  162  13:17  Viking  
  164  13:24  Marauder x2, Marine x2  
  164  13:26  Thor x2  
  182  13:30  Terran Infantry Weapons Level 2  
  182  13:37  Armory, Engineering Bay  
  182  13:40  Terran Vehicle And Ship Armor Level 1  
  182  13:41  Viking  
  184  13:43  Starport Reactor  
  184  13:44  Starport Tech Lab, Starport Reactor  
  184  13:45  Starport Reactor  
  184  13:46  Starport Reactor  
  184  13:47  Viking  
  186  14:05  Viking  
  186  14:09  Thor x2  
  200  14:25  Terran Infantry Armor Level 1  
  200  14:26  Terran Vehicle Weapons Level 1  
  195  15:03  Command Center  
  195  15:23  Planetary Fortress  
  195  15:33  Missile Turret  
  195  15:34  Terran Ship Weapons Level 1, Missile Turret x3  
  195  15:36  Missile Turret  
  195  15:53  Missile Turret  
  195  15:55  Viking x2  
  195  15:56  Missile Turret x2  
  199  15:57  Missile Turret  
  199  15:58  Missile Turret  
  199  16:17  Missile Turret  
  199  16:22  Command Center  
  151  17:46  Viking x4  
  151  17:47  Viking x3  
  151  17:48  Marauder  
  151  17:49  Marauder, Marine x3, Thor x2  
  182  18:10  Marauder x2  
Show
View Real Time Build Order
Export as new Build Order

qqq Zerg - Winner!

Build Orders: Hatch First, Swarm Host 

Get SALT Encoding   

  12  0:01  Drone  
  13  0:08  Drone  
  14  0:38  Hatchery  
  13  0:45  Drone  
  14  0:55  Spawning Pool  
  13  1:01  Overlord  
  13  1:08  Drone  
  14  1:12  Extractor, Drone  
  14  1:19  Drone  
  15  1:26  Drone  
  16  1:43  Drone, Queen  
  19  1:51  Queen  
  19  1:52  Drone  
  22  1:56  Drone  
  23  2:04  Drone  
  23  2:05  Drone  
  25  2:13  Metabolic Boost  
  25  2:17  Drone  
  25  2:21  Overlord  
  26  2:28  Drone  
  27  2:34  Zergling x2  
  28  2:38  Overlord  
  28  2:39  Baneling Nest  
  28  2:41  Zergling x2  
  28  2:43  Zergling x2  
  29  2:48  Zergling x2  
  29  2:51  Zergling x2  
  31  2:55  Zergling x4  
  33  2:59  Overlord  
  33  3:05  Zergling x2  
  34  3:06  Zergling x2  
  35  3:19  Zergling x2  
  36  3:20  Zergling x4  
  38  3:27  Zergling x2  
  38  3:28  Zergling x2  
  40  3:43  Zergling x4  
  42  4:02  Zergling x10  
  46  4:03  Zergling x6  
  49  4:24  Baneling x3  
  49  4:25  Baneling  
  49  4:32  Zergling x6  
  49  4:33  Overlord x3  
  46  4:54  Zergling x8  
  41  5:11  Zergling x2  
  41  5:12  Zergling x4  
  42  5:17  Hatchery  
  38  5:24  Zergling x2  
  38  5:25  Zergling x2  
  37  5:35  Zergling x8  
  40  5:55  Zergling x6  
  43  5:57  Lair  
  43  5:59  Drone x2  
  43  6:00  Zergling x4  
  47  6:08  Zergling x2  
  48  6:19  Zergling x2  
  48  6:21  Hatchery  
  48  6:22  Drone x3  
  51  6:34  Zergling x2  
  51  6:35  Drone, Zergling x6  
  51  6:36  Drone  
  54  6:59  Spire  
  53  7:07  Baneling x4  
  53  7:08  Baneling x7  
  53  7:09  Drone  
  53  7:10  Drone x7  
  53  7:11  Drone  
  53  7:15  Extractor x2  
  60  7:21  Drone x3  
  63  7:24  Extractor  
  63  7:25  Drone  
  55  7:50  Drone x2  
  57  7:52  Overlord  
  57  7:53  Overlord x3  
  57  7:54  Drone x4  
  57  7:55  Drone x3  
  64  8:10  Drone, Queen  
  64  8:12  Queen  
  67  8:13  Drone x2  
  67  8:14  Mutalisk  
  67  8:17  Mutalisk  
  75  8:21  Mutalisk  
  77  8:27  Mutalisk x2  
  81  8:42  Drone x2  
  81  8:43  Drone x3, Mutalisk  
  81  8:44  Mutalisk  
  81  8:45  Overlord  
  90  8:53  Extractor  
  90  8:55  Extractor x2  
  88  8:56  Drone x2, Mutalisk  
  91  9:03  Zerg Flyer Weapons Level 1  
  91  9:07  Drone x2  
  91  9:08  Overlord x3  
  93  9:10  Drone  
  93  9:15  Spore Crawler  
  84  9:24  Mutalisk x2  
  84  9:26  Drone x3  
  89  9:43  Mutalisk x3  
  89  9:53  Drone x3, Mutalisk x2  
  89  9:58  Overlord x2  
  96  10:12  Centrifical Hooks  
  96  10:16  Mutalisk  
  96  10:18  Hatchery, Drone  
  96  10:19  Drone  
  96  10:54  Baneling x3  
  96  10:55  Baneling x26  
  96  10:56  Drone x4  
  100  10:57  Mutalisk  
  100  10:59  Overlord  
  102  11:38  Zerg Flyer Armor Level 1, Infestation Pit  
  102  11:39  Corruptor x3  
  105  11:40  Evolution Chamber  
  105  11:41  Drone x5, Evolution Chamber  
  105  11:42  Queen  
  112  11:56  Drone x2  
  112  11:58  Mutalisk  
  112  11:59  Mutalisk x2  
  112  12:00  Overlord x2  
  120  12:38  Hive  
  120  12:39  Zerg Melee Weapons Level 1  
  120  12:40  Zerg Ground Armor Level 1  
  120  12:44  Drone x3  
  123  12:45  Hydralisk Den  
  122  13:01  Zergling x2  
  122  13:02  Hatchery, Zergling x16  
  122  13:03  Drone  
  131  13:13  Hatchery  
  131  13:15  Drone  
  131  13:21  Drone x3  
  131  13:22  Hydralisk  
  131  13:23  Hydralisk x2  
  131  13:26  Muscular Augments  
  140  13:28  Hatchery  
  140  13:32  Lurker Den  
  140  13:34  Zergling x12  
  141  13:35  Drone  
  141  13:36  Drone  
  146  13:41  Baneling  
  146  13:42  Baneling x17  
  146  14:01  Drone x2  
  148  14:03  Viper x2  
  148  14:05  Hydralisk x2  
  148  14:08  Swarm Host x4  
  170  14:14  Drone x2  
  172  14:17  Overlord x4  
  172  14:18  Overlord  
  172  14:31  Drone  
  173  14:32  Drone x2  
  173  14:33  Zerg Missile Weapons Level 1  
  173  14:34  Spore Crawler  
  173  14:35  Spore Crawler  
  173  14:37  Spore Crawler x2  
  171  15:20  Zerg Melee Weapons Level 2  
  171  15:25  Ultralisk Cavern, Grooved Spines  
  171  15:26  Seismic Spines  
  170  15:29  Drone x5  
  170  15:30  Drone x4  
  170  15:31  Hydralisk x6  
  170  15:32  Hydralisk  
  170  15:33  Zergling x4  
  170  15:34  Zergling x8  
  199  15:52  Zerg Flyer Weapons Level 2  
  199  16:23  Adaptive Talons  
  197  16:27  Zerg Ground Armor Level 2  
  93  17:12  Ultralisk x4  
  93  17:13  Ultralisk x2  
  93  17:14  Zergling x10  
  93  17:15  Drone, Zergling x14  
  138  17:16  Drone x6  
  138  17:17  Drone  
  138  17:18  Extractor  
  138  17:20  Extractor x2  
  138  17:22  Extractor x2  
  139  17:25  Extractor, Hatchery  
  137  17:33  Hydralisk x2, Ultralisk  
  137  17:35  Zergling x4  
  149  17:59  Hydralisk x3  
  149  18:00  Hydralisk x4  
  149  18:01  Drone  
  149  18:02  Drone x5  
  163  18:26  Zergling x10  
  163  18:27  Zergling x8  
  174  18:28  Drone x3, Zergling x4  
  174  18:29  Zergling x6  
Tags
 
Add a new tag
Caveats
  • Supply blocks, unpowered buildings, or Contaminate may cause inaccurate times.
  • Supply counts are checked every 10 seconds.